AoeStats
← Jan_Rui

Black Forest

509970150Analyzed
4v4 RM · 5d ago on Sep 28, 2026· 49m 39s· 8 players
Game mode
Random Map
Map size
Large (8 player)
Population
200
Speed
Normal
Resources
Standard
Victory
Conquest
Starting age
Dark Age
Ending age
Imperial Age
RankedLock teamsTeams togetherTeam positionsShared explorationLock speedFull tech treeHidden civsTurbo modeCheats
Victory
Defeat
🇨🇴 Ethiopians · Colombia
996
+17
🇩🇪 Hindustanis · Germany
978
+18
🇨🇳 Celts · China
936
+20
🇨🇱 Franks · Chile
916
+21
🇦🇷 Mongols · Argentina
1106
-22
🇦🇷 Turks · Argentina
1062
-21
🇦🇷 Japanese · Argentina
967
-17
🇦🇷 Khmer · Argentina
954
-16
Hakdonis
1:07 Loom
11:36 Feudal Age
16:02 Castle Age
14:11 Double-Bit Axe
14:20 Horse Collar
17:22 Bow Saw
19:10 Wheelbarrow
24:37 Heavy Plow
25:09 Gold Mining
27:13 Stone Mining
30:41 Imperial Age
28:41 Forging
29:55 Grand Trunk Road
29:58 Squires
29:43 Arson
30:14 Bloodlines
30:06 Husbandry
31:05 Scale Mail Armor
31:40 Iron Casting
31:10 Scale Barding Armor
30:44 Elite Ghulam
32:15 Conscription
32:14 Hand Cart
32:41 Chain Mail Armor
33:19 Gold Shaft Mining
34:34 Chemistry
33:55 Ballistics
34:14 Heavy Camel Rider
35:02 Town Watch
36:19 Blast Furnace
35:39 Chain Barding Armor
35:35 Imperial Camel Rider
36:32 Murder Holes
36:47 Town Patrol
37:16 Padded Archer Armor
42:24 Onager
Jan_Rui
9:04 Loom
14:32 Feudal Age
16:32 Wheelbarrow
16:02 Double-Bit Axe
15:57 Horse Collar
16:46 Gold Mining
20:24 Castle Age
18:59 Fletching
19:09 Padded Archer Armor
23:14 Bow Saw
27:40 Crossbowman
28:26 Thumb Ring
28:18 Bodkin Arrow
28:39 Leather Archer Armor
31:58 Hand Cart
31:29 Town Watch
35:07 Imperial Age
35:18 Town Patrol
36:06 Ballistics
35:47 Scale Mail Armor
35:57 Forging
35:50 Bracer
36:22 Ring Archer Armor
37:03 Chemistry
37:53 Two-Man Saw
37:31 Gold Shaft Mining
38:03 Torsion Engines
39:08 Heavy Scorpion
40:23 Onager
42:03 Scale Mail Armor
42:13 Forging
42:05 Squires
42:55 Siege Engineers
44:27 Iron Casting
44:07 Chain Mail Armor
43:14 Halberdier
45:19 Siege Onager
46:36 Arbalester
47:48 Plate Mail Armor
48:18 Blast Furnace
47:05 Arson
Completosinpalta
0:32 Loom
12:47 Feudal Age
20:01 Castle Age
18:07 Double-Bit Axe
19:00 Stone Mining
28:36 Town Watch
29:27 Wheelbarrow
28:39 Town Watch
33:30 Imperial Age
31:37 Bow Saw
30:54 Pikeman
31:36 Squires
31:22 Gambesons
32:52 Scale Mail Armor
33:02 Forging
32:54 Padded Archer Armor
32:44 Fletching
35:30 Chemistry
36:08 Hand Cart
35:38 Town Watch
36:11 Chain Mail Armor
36:32 Iron Casting
36:03 Scale Barding Armor
36:28 Conscription
35:42 Man-at-Arms
37:49 Ballistics
37:35 Siege Engineers
37:26 Murder Holes
37:56 Caravan
38:29 Plate Mail Armor
37:55 Gold Mining
39:26 Gold Shaft Mining
38:17 Halberdier
39:18 Husbandry
39:54 Masonry
39:32 Cavalier
41:32 Blast Furnace
40:53 Chain Barding Armor
44:19 Paladin
46:34 Chivalry
46:14 Onager
命格
1:05 Loom
18:26 Feudal Age
20:22 Man-at-Arms
27:46 Horse Collar
27:54 Double-Bit Axe
28:35 Fletching
29:25 Stone Mining
33:31 Castle Age
31:39 Gold Mining
35:05 Wheelbarrow
36:18 Bow Saw
36:12 Heavy Plow
35:40 Long Swordsman
36:36 Forging
36:36 Gambesons
36:55 Scale Mail Armor
38:37 Hand Cart
39:49 Gold Shaft Mining
41:52 Stone Shaft Mining
42:05 Hand Cart
46:02 Imperial Age
43:53 Pikeman
45:12 Iron Casting
45:13 Town Watch
46:01 Chain Mail Armor
47:35 Caravan
48:17 Conscription
49:04 Blast Furnace
47:29 Onager
48:07 Two-Handed Swordsman
50:07 Chemistry
EsteNoEsPaisa
0:28 Loom
15:11 Feudal Age
19:09 Double-Bit Axe
21:39 Castle Age
21:37 Gold Mining
21:37 Stone Mining
21:29 Horse Collar
24:00 Bow Saw
23:52 Heavy Plow
25:30 Fortified Wall
32:20 Wheelbarrow
37:52 Imperial Age
37:55 Padded Archer Armor
37:46 Fletching
38:19 Ballistics
38:50 Hand Cart
40:28 Artillery
45:01 Gold Shaft Mining
43:58 Elite Janissary
45:00 Conscription
47:25 Leather Archer Armor
47:06 Bodkin Arrow
ElAguuz
11:56 Feudal Age
15:38 Castle Age
14:47 Gold Mining
14:45 Double-Bit Axe
14:41 Horse Collar
17:02 Heavy Plow
17:16 Bow Saw
21:21 Wheelbarrow
20:38 Town Watch
25:31 Forging
25:26 Scale Barding Armor
25:23 Loom
26:47 Bloodlines
26:40 Husbandry
29:42 Imperial Age
27:46 Chain Barding Armor
28:01 Iron Casting
30:33 Scale Mail Armor
31:11 Iron Casting
32:29 Gold Shaft Mining
31:24 Onager
32:29 Ballistics
32:16 Fletching
32:36 Siege Engineers
34:30 Chemistry
34:54 Drill
34:53 Murder Holes
35:13 Siege Onager
36:26 Nomads
36:34 Town Patrol
36:50 Hand Cart
38:15 Blast Furnace
37:15 Scale Mail Armor
38:43 Pikeman
43:28 Heavy Camel Rider
golden229269
12:39 Feudal Age
13:06 Man-at-Arms
13:32 Arson
14:22 Double-Bit Axe
15:30 Forging
16:42 Scale Mail Armor
21:59 Horse Collar
25:06 Castle Age
24:47 Gold Mining
35:15 Wheelbarrow
35:51 Gold Shaft Mining
35:29 Bow Saw
35:22 Heavy Plow
37:18 Iron Casting
36:59 Chain Mail Armor
44:00 Imperial Age
41:50 Hand Cart
45:25 Onager
47:57 Blast Furnace
47:28 Plate Mail Armor
Sergio A. Gamarra
0:27 Loom
19:56 Feudal Age
21:42 Double-Bit Axe
23:10 Gold Mining
27:48 Castle Age
25:33 Horse Collar
31:10 Bow Saw
31:56 Elite Skirmisher
37:31 Padded Archer Armor
Connection lost

Rejoining the realm…

Still unreachable

The connection could not be restored.

Session expired

The server has moved on; the page needs a fresh start.